 Dungeon Crawl Stone Soup version 0.31-a0-1576-ga3383bade6 (webtiles) character file.

Game seed: 16337560388566648199

8075 tsouns the Basher (level 11, -5/109 HPs)
             Began as a Troll Berserker on Jan 3, 2024.
             Was an Elder of Trog.
             Slain by a manticore (11 damage)
             ... on level 11 of the Dungeon on Jan 4, 2024.
             The game lasted 00:13:25 (7969 turns).

tsouns the Basher (Troll Berserker)                 Turns: 7969, Time: 00:13:26

Health: -5/109     AC:  5    Str: 31    XL:     11   Next: 5%
Magic:  10/10      EV: 11    Int:  3    God:    Trog [****..]
Gold:   325        SH:  0    Dex:  9    Spells: 10/10 levels left

rFire   . . .        q - +4 whip (venom)
rCold   . . .        (no shield)
rNeg    . . .        C - +0 troll leather armour
rPois   +            (helmet restricted)
rElec   .            H - scarf {+Inv}
rCorr   .            (gloves unavailable)
SInv    .            (boots unavailable)
Will    +....        i - amulet of regeneration
Stlth   +            E - ring of willpower
HPRegen 2.78/turn    a - ring of poison resistance
MPRegen 0.12/turn

%: no passive effects
@: studying Dodging
A: large, unfitting armour, claws 3, regeneration 1, shaggy fur 1, tough skin 1
a: Renounce Religion, Evoke Invisibility, Berserk, Trog's Hand, Brothers in Arms


You were on level 11 of the Dungeon.
You worshipped Trog.
Trog was greatly pleased with you.
You visited 1 branch of the dungeon, and saw 11 of its levels.

You collected 325 gold pieces.

Inventory:

Hand Weapons
 m - the +6 dagger "Xuoluetz" {holy, rN+ Dex+5 SInv}
   (You found it on level 2 of the Dungeon)

   Dex+5:     It affects your dexterity (+5).
   rN+:       It protects you from negative energy.
   SInv:      It lets you see invisible.
 q - a +4 whip of venom (weapon)
 u - a +2 morningstar of draining
 D - a +0 giant club
Missiles
 p - a throwing net
Armour
 c - +0 steam dragon scales
 C - a +0 troll leather armour (worn)
 H - a scarf of invisibility (worn)
Jewellery
 a - a ring of poison resistance (right claw)
 i - an amulet of regeneration (around neck)
 o - an amulet of the acrobat
 E - a ring of willpower (left claw)
Talismans
 G - a serpent talisman
Wands
 f - a wand of polymorph (8)
 v - a wand of iceblast (6)
 x - a wand of light (18)
Scrolls
 g - 4 scrolls of fear
 j - a scroll of revelation
 k - 3 scrolls of amnesia
 l - 3 scrolls of immolation
 r - 2 scrolls of noise
 s - 3 scrolls of vulnerability
 y - a scroll of enchant weapon
 A - 5 scrolls of teleportation
 B - a scroll of torment
Potions
 d - a potion of lignification
 e - 3 potions of berserk rage
 h - 2 potions of enlightenment
 n - 2 potions of curing
 t - a potion of invisibility {unknown}
 w - a potion of attraction
 z - a potion of might
 F - a potion of degeneration {unknown}


   Skills:
 + Level 7.5 Fighting
 * Level 10.1 Maces & Flails
 + Level 5.1 Armour
 + Level 8.1 Dodging


You had 10 spell levels left.
You didn't know any spells.
Your spell library was empty.

Dungeon Overview and Level Annotations

Branches:
Dungeon (11/15)            Temple (0/1) D:4             Orc (0/2) D:9
   Lair: D:8-11

Altars:
Ashenzari
Dithmenos
Hepliaklqana
Qazlal
The Shining One


Innate Abilities, Weirdness & Mutations

You are too large for most types of armour.
You have claws for hands.
Your natural rate of healing is unusually fast.
You are covered in fur. (AC +1)
You have tough skin. (AC +1)


Message History

The manticore misses you.
The manticore claws you but does no damage.
The manticore claws you!
The wyvern bites you but does no damage.
You hit the manticore but do no damage.
The manticore looks as sick as possible!
The manticore is moderately wounded.
The manticore bites you. The manticore claws you! x2
The orc closely misses you.
You barely miss the manticore.
The manticore is moderately wounded.
The wyvern closely misses you.
You whack the manticore!
The manticore looks as sick as possible!
The manticore is severely wounded.
The wyvern barely misses you. The manticore bites you!
The manticore misses you.
The manticore claws you but does no damage.
The orc closely misses you.
You hit the manticore.
The manticore looks as sick as possible!
The manticore is severely wounded.
The wyvern bites you!
Unknown command.
You whack the manticore!
The manticore is almost dead.
The wyvern bites you.
* * * LOW HITPOINT WARNING * * *
The manticore completely misses you. The manticore claws you.
* * * LOW HITPOINT WARNING * * *
The manticore closely misses you. The orc barely misses you.
Your iron troll goes berserk!
Trog will no longer gift you weapons. The wyvern bites you.
* * * LOW HITPOINT WARNING * * *
The manticore bites you!!
* * * LOW HITPOINT WARNING * * *
The manticore claws you but does no damage.
The manticore claws you!
You die...

#####....###.#
##..###....<.##
##......##...##
##.........#.##
##............#
#.............#
##............##
#.............#
#..@..........#
#.oHk.........#
#.....T........#
#..............
...............
...............
..#............
..#............


You could see a manticore (extremely poisoned), a wyvern (ally target), an orc
and a friendly iron troll (summoned, berserk).

Vanquished Creatures
  A two-headed ogre (D:9)
  A manticore (D:9)
  Jeremiah (D:7)
  An unseen horror (D:11)
  A troll (D:9)
  A hornet (D:9)
  A wyvern (D:10)
  4 yaks
  A wraith (D:10)
  A steam dragon (D:4)
  4 water moccasins
  7 orc warriors
  An ice beast (D:6)
  Duvessa (D:4)
  A sky beast (D:6)
  A black bear (D:6)
  4 centaurs
  An ogre (D:6)
  3 kobold brigands
  3 bullfrogs
  A scorpion (D:4)
  Dowan (D:4)
  7 howler monkeys
  An electric eel (D:8)
  A lava snake (D:7)
  2 hounds
  2 jellies (D:4)
  3 bombardier beetles
  8 orc priests
  3 sleepcaps
  An iguana (D:7)
  10 orc wizards
  3 adders (D:2)
  10 gnolls
  3 shadow imps
  2 white imps
  2 ufetubi (D:5)
  A ribbon worm (D:4)
  46 orcs
  4 endoplasms (D:2)
  2 giant cockroaches
  5 goblins
  3 hobgoblins
  23 kobolds
  3 quokkas
  5 ball pythons
  6 bats
  4 frilled lizards (D:2)
  4 rats
205 creatures vanquished.

Vanquished Creatures (collateral kills)
  Josephine (D:10)
  4 wraiths (D:10)
  A basilisk (D:10)
6 creatures vanquished.

Grand Total: 211 creatures vanquished

Notes
Turn   | Place    | Note
-------+----------+-------------------------------------------
     0 | D:1      | tsouns the Troll Berserker began the quest for the Orb.
     0 | D:1      | Reached XP level 1. HP: 22/22 MP: 0/0
   155 | D:1      | Reached XP level 2. HP: 29/29 MP: 1/1
   631 | D:2      | Reached skill level 3 in Maces & Flails
   843 | D:2      | Reached XP level 3. HP: 36/36 MP: 2/2
  1025 | D:2      | Identified the +6 dagger "Xuoluetz" {holy, rN+ Dex+5 SInv}
  1039 | D:2      | Reached ** piety under Trog
  1746 | D:3      | Reached XP level 4. HP: 45/45 MP: 3/3
  2037 | D:3      | HP: 2/45 [poisoned by a gnoll]
  2513 | D:4      | Found a stormy altar of Qazlal.
  2553 | D:4      | Noticed Duvessa
  2553 | D:4      | Noticed Dowan
  2553 | D:4      | Noticed a scorpion
  2566 | D:4      | Killed a scorpion
  2566 | D:4      | Killed Duvessa
  2567 | D:4      | Reached skill level 4 in Maces & Flails
  2567 | D:4      | Reached XP level 5. HP: 36/54 MP: 4/4
  2569 | D:4      | Killed Dowan
  2570 | D:4      | Reached XP level 6. HP: 40/62 MP: 5/5
  3004 | D:4      | Found a staircase to the Ecumenical Temple.
  3118 | D:4      | Noticed a steam dragon
  3128 | D:4      | Killed a steam dragon
  3129 | D:4      | Reached XP level 7. HP: 47/71 MP: 6/6
  3244 | D:5      | Entered Level 5 of the Dungeon
  3343 | D:5      | Reached skill level 5 in Maces & Flails
  4058 | D:6      | Reached skill level 5 in Fighting
  4139 | D:6      | Reached skill level 5 in Dodging
  4182 | D:6      | Reached XP level 8. HP: 66/80 MP: 7/7
  4226 | D:6      | Reached *** piety under Trog
  4362 | D:6      | Reached skill level 6 in Maces & Flails
  4530 | D:6      | Reached skill level 1 in Armour
  4535 | D:6      | Found a glowing golden altar of the Shining One.
  4855 | D:7      | Noticed Jeremiah
  4911 | D:7      | Killed Jeremiah
  4976 | D:6      | Reached XP level 9. HP: 72/89 MP: 8/8
  4990 | D:7      | Reached skill level 7 in Maces & Flails
  5247 | D:7      | Reached **** piety under Trog
  6178 | D:9      | Noticed a two-headed ogre
  6202 | D:9      | Killed a two-headed ogre
  6203 | D:9      | Reached skill level 8 in Maces & Flails
  6272 | D:9      | Reached XP level 10. HP: 77/100 MP: 9/9
  6361 | D:9      | Noticed a manticore
  6369 | D:9      | Killed a manticore
  6606 | D:9      | Found a hazy altar of Hepliaklqana.
  6606 | D:9      | Found a shadowy altar of Dithmenos.
  6607 | D:9      | Found a broken altar of Ashenzari.
  6639 | D:9      | Reached skill level 9 in Maces & Flails
  6697 | D:9      | Found a staircase to the Orcish Mines.
  6741 | D:8      | HP: 4/100 [orc warrior/+0 battleaxe (8)]
  6845 | D:9      | Reached ***** piety under Trog
  7085 | D:9      | Upgraded the game from 0.31-a0-1570-g93c622d222 to
                  | 0.31-a0-1576-ga3383bade6
  7184 | D:10     | Entered Level 10 of the Dungeon
  7375 | D:10     | Noticed Josephine
  7394 | D:10     | Killed Josephine
  7481 | D:10     | Reached skill level 5 in Armour
  7587 | D:10     | Reached skill level 10 in Maces & Flails
  7865 | D:11     | Reached XP level 11. HP: 62/109 MP: 10/10
  7969 | D:11     | Slain by a manticore

Illustrated notes

Levels and vault maps discovered:
D:1:      saegor_arrival_miasma, layout_basic, minmay_strange_pillars,
          minmay_misc_feat_plants
D:2:      layout_basic, nicolae_hexahallways, minmay_increasing_density
D:3:      layout_basic
D:4:      layout_loops_cross, nicolae_qazlal_general_emergency,
          minmay_temple_entry_enclosed_plants, uniq_duvessa
D:5:      layout_loops_ring
D:6:      layout_cave_pods, mainiacjoe_overflow_cross_hatched,
          mrwooster_statue_mirror
D:7:      layout_rooms, amcnicky_mini_pool_medium, uniq_jeremiah
D:8:      layout_basic, reono_crystal_passage, nicolae_houndstooth_variations
D:9:      minmay_razor_zed, layout_rooms, grunt_temple_overflow_open,
          david_orc_5
D:10:     layout_basic, uniq_josephine
D:11:     layout_cave_pods, erik_lair_orcish_takeover

Skill      XL: |  1  2  3  4  5  6  7  8  9 10 |
---------------+-------------------------------+-----
Maces & Flails | 3 4 5 6 8 10 | 10.1
Fighting       | 3 4 5 6 7 |  7.5
Dodging        | 3 4 5 6 8 |  8.1
Armour         | 2 3 5 |  5.1

Action                     |  1- 3 |  4- 6 |  7- 9 | 10-12 || total
---------------------------+-------+-------+-------+-------++-------
  Melee: Mace              |    96 |       |       |       ||    96
         Dagger            |     8 |    20 |       |       ||    28
         Whip              |       |    60 |   198 |   222 ||   480
         Punch             |       |     1 |     5 |     5 ||    11
         Morningstar       |       |       |   138 |     1 ||   139
         Giant club        |       |       |       |    15 ||    15
 Invoke: Berserk           |     1 |     2 |       |     2 ||     5
         Trog's Hand       |       |     1 |       |       ||     1
         Brothers in Arms  |       |       |       |     2 ||     2
  Evoke: Wand              |       |       |       |     1 ||     1
    Use: Potion            |       |     8 |       |       ||     8
         Scroll            |       |     5 |     7 |       ||    12
   Stab: Sleeping          |       |     1 |       |       ||     1
 Armour: Animal skin       |    75 |    66 |       |       ||   141
         Steam dragon scal |       |       |   230 |   126 ||   356
         Troll leather arm |       |       |       |    69 ||    69
  Dodge: Dodged            |    78 |    29 |   177 |   127 ||   411

Table legend: (Time is in decaauts)
 A = Elapsed time spent in this place.
 B = Non-inter-level travel time spent in this place.
 C = Inter-level travel time spent in this place.
 D = Time resting spent in this place.
 E = Time spent auto-exploring this place.
 F = Levels seen in this place.
 G = Mean time per level.
                   A        B        C        D        E       F      G
               +--------+--------+--------+--------+--------+-----+--------+
         Total |   7964 |   7734 |    230 |     79 |   6000 |  11 |  724.0 |
       Dungeon |   7964 |   7734 |    230 |     79 |   6000 |  11 |  724.0 |
               +--------+--------+--------+--------+--------+-----+--------+

Top non-repeatable levels by time:
     D:2: 1063 daAuts
     D:9: 895 daAuts
     D:3: 871 daAuts
     D:8: 857 daAuts
     D:6: 842 daAuts
     D:4: 739 daAuts
    D:10: 694 daAuts
     D:5: 666 daAuts
     D:7: 633 daAuts
     D:1: 607 daAuts
    D:11: 93 daAuts
